 Dungeon Crawl Stone Soup version 0.30-a0-347-gf58ed5266c (webtiles) character file.

Game seed: 6914440704080085380

43291 Shayle the Fighter (level 14, -1/103 HPs)
             Began as a Djinni Reaver on Nov 5, 2022.
             Was a High Priest of Makhleb.
             Slain by a freezing wraith (11 damage)
             ... on level 2 of the Abyss.
             The game lasted 01:14:15 (17078 turns).

Shayle the Fighter (Djinni Reaver)                 Turns: 17078, Time: 01:14:16

Health: -1/103     AC: 13    Str: 11    XL:     14   Next: 59%
Gold:   1034       EV: 14    Int: 20    God:    Makhleb [*****.] SH:  0 Dex: 12

rFire   + + +      SeeInvis +    x - +2 short sword (elec)
rCold   + . .      Faith    .    (no shield)
rNeg    + . .      Spirit   .    C - +2 leather armour {rN+}
rPois   ∞          Reflect  .    t - +2 helmet
rElec   .          Harm     .    m - scarf {rC+ rF+}
rCorr   .          Rampage  .    w - +2 pair of gloves
Will    +....                    (boots unavailable)
Stlth   +.........               Q - amulet of Midsummer {RegenMP rF+}
HPRegen 0.37/turn                g - ring of see invisible
MPRegen 0.00/turn                h - ring of ice

@: flying
A: sickness immunity, fire resistance 2, cold vulnerability 1, float, innate
caster, HP casting, extra vitality 1
a: Renounce Religion, Minor Destruction, Lesser Servant of Makhleb, Major
Destruction, Greater Servant of Makhleb


You were on level 2 of the Abyss.
You worshipped Makhleb.
Makhleb was extremely pleased with you.
You visited 3 branches of the dungeon, and saw 15 of its levels.
You visited the Abyss 1 time.
You also visited: Volcano.

You collected 1162 gold pieces.
You spent 128 gold pieces at shops.

Inventory:

Hand Weapons
 f - a +2 flail of draining
 x - a +2 short sword of electrocution (weapon)
 y - a +2 short sword of draining
 T - a +0 lajatang of flaming
Missiles
 H - 2 curare-tipped darts (quivered)
Armour
 a - a +0 cloak
 m - a scarf of resistance (worn)
 t - a +2 helmet (worn)
 v - the +5 ring mail of Bespelled Life {Int+2}
   (You found it on level 5 of the Dungeon)

   Int:       It affects your intelligence (+2).
 w - a +2 pair of gloves (worn)
 C - a +2 leather armour of positive energy (worn)
 J - a +0 kite shield
 R - a +2 cloak of fire resistance
Jewellery
 b - a ring of ice
 e - a +6 ring of dexterity
 g - a ring of see invisible (left hand)
 h - a ring of ice (right hand)
 p - a +6 ring of strength
 K - a +4 ring of evasion
 Q - the amulet of Midsummer (around neck) {RegenMP rF+}
   (You found it on level 3 of the Lair of Beasts)

   [amulet of magic regeneration]

   It increases your rate of magic regeneration.
   rF:        It protects you from fire.
Wands
 o - a wand of flame (64)
 u - a wand of charming (6)
 B - a wand of digging (2)
Scrolls
 c - 3 scrolls of teleportation
 i - a scroll of poison
 j - 3 scrolls of magic mapping
 k - a scroll of vulnerability
 n - a scroll of blinking
 r - a scroll of butterflies
 s - 4 scrolls of enchant weapon
 A - 2 scrolls of fear
 P - a scroll of identify
Potions
 d - a potion of attraction {unknown}
 l - a potion of haste
 q - 2 potions of mutation
 z - a potion of berserk rage {unknown}
 D - 4 potions of might
 E - a potion of resistance {unknown}
 F - a potion of degeneration {unknown}
 G - 2 potions of magic {unknown}
 I - a potion of cancellation {unknown}
 L - a potion of invisibility {unknown}
 M - 7 potions of ambrosia
 N - 4 potions of brilliance


   Skills:
 + Level 10.9 Fighting
 * Level 10.1 Armour
 - Level 7.1 Dodging
 + Level 8.5 Shields
 - Level 6.9 Unarmed Combat
 + Level 9.6 Spellcasting
 + Level 10.2 Invocations


You had 7 spell levels left.
You knew the following spells:

 Your Spells              Type           Power      Damage    Failure   Level
a - Kiss of Death         Conj/Necr      100%       2d13      1%          1
b - Momentum Strike       Conj/Tloc      96%        3d10      1%          2
c - Hailstorm             Conj/Ice       64%        3d14      1%          3
d - Foxfire               Conj/Fire      100%       2x1d9     1%          1
e - Wereblood             Tmut           48%        N/A       1%          2
f - Dazzling Flash        Conj/Hex       96%        N/A       1%          3
g - Teleport Other        Tloc           48%        N/A       1%          3
h - Borgnjor's Vile Clut  Necr/Erth      24%        N/A       4%          5
i - Irradiate             Conj/Tmut      24%        3d19      4%          5
Your spell library was empty.

Dungeon Overview and Level Annotations

Branches:
Dungeon (9/15)             Temple (1/1) D:7            Lair (5/5) D:8
 Spider (0/4) Lair:3        Slime (0/5) Lair:5      Volcano (visited)
  Swamp: Lair:2-3    Shoals: Lair:2-3       Orc: D:9-12

Altars:
Ashenzari
Cheibriados
Fedhas
Gozag
Makhleb
Nemelex Xobeh
Okawaru
Qazlal
Ru
Trog
Uskayaw
Wu Jian
Xom
Yredelemnul
Zin
The Shining One

Shops:
D:1 (   D:5 *   D:8 *

Annotations:
D:6 1 runed translucent door, Crazy Yiuf
D:7 Joseph
D:9 Erolcha
Temple 4 transporters
Lair:1 3 runed translucent doors, hikkokomori's ghost, journeyman DgCj
Lair:3 1 runed translucent door, 2 exclusions, snackwell's ghost, journeyman DEEn
Lair:5 exclusion: oklob plant


Innate Abilities, Weirdness & Mutations

You are immune to sickness and miasma.
You are immune to poison.
Your flesh is very heat resistant. (rF++)
You are vulnerable to cold. (rC-)
You float through the air rather than walking.
You learn spells naturally, not from books.
Your magical power is your life essence.
You have superior vitality. (+4 MHP)


Message History

The large abomination struggles to escape constriction.
The zombie hands constrict the large abomination!
The large abomination struggles to escape constriction.
The zombie hands constrict the large abomination!
The large abomination struggles to escape constriction.
Casting: Borgnjor's Vile Clutch (dangerous; 4% risk of failure)
Confirm with . or Enter, or press ? or * to list all spells.
Aiming: Borgnjor's Vile Clutch (dangerous; 4% risk of failure)
Press: ? - help, Shift-Dir - straight line, f - sixfirhy, p - large abomination
Aim: a sixfirhy (100% to hit)
Zombie hands grab the sixfirhy.
* * * LOW HITPOINT WARNING * * *
The zombie hands constrict the sixfirhy.
The zombie hands constrict the large abomination.
The zombie hands release their grip on the large abomination.
The zombie hands constrict the sixfirhy.
A freezing wraith comes into view.
The zombie hands constrict the sixfirhy!
The sixfirhy struggles to escape constriction. x2
The sixfirhy escapes!
The sixfirhy hits you but does no damage.
Casting: Borgnjor's Vile Clutch (dangerous; 4% risk of failure)
Confirm with . or Enter, or press ? or * to list all spells.
Aiming: Borgnjor's Vile Clutch (dangerous; 4% risk of failure)
Press: ? - help, Shift-Dir - straight line, f/p - sixfirhy
Aim: a sixfirhy (moderately wounded, 100% to hit)
Zombie hands grab the sixfirhy.
* * * LOW HITPOINT WARNING * * *
The zombie hands constrict the sixfirhy.
The sixfirhy hits you.
* * * LOW HITPOINT WARNING * * *
The sixfirhy shocks you!
* * * LOW HITPOINT WARNING * * *
The sixfirhy closely misses you.
The zombie hands constrict the sixfirhy!
The freezing wraith barely misses you. x2
The freezing wraith attacks as you move away!
The freezing wraith hits you but does no damage.
The freezing wraith hits you!
You die...

.. ## .##. ##
..#.# . §. #... ..
#.## ... .#§
#.#...#..## .. #
#.....#3.# #.# #
....#.W..#.##. .3
#...@#...#.# .#
#......##....##...
##..####...X...#.
##. .###..#.##..
#..# .X>..#..
#.....###....#
#..##..#.... #
#.#. ..... X# # .
#.. ..##..


You could see a freezing wraith and a sixfirhy (clutched).

Vanquished Creatures
  A red draconian (Volcano)
  A fire dragon (Lair:5)
  6 hydras
  A centaur warrior (Volcano)
  A catoblepas (Lair:1)
  2 boulder beetles
  3 death yaks
  A thrashing horror (Abyss:2)
  Sonja (Lair:1)
  A bog body (Lair:3)
  A swamp dragon (Lair:5)
  A necromancer (Lair:4)
  A lindwurm (Lair:5)
  3 black mambas
  10 elephants
  A torpor snail (Lair:5)
  10 cane toads
  5 rime drakes
  9 komodo dragons
  Prince Ribbit (D:6)
  A queen bee (Lair:1)
  10 polar bears
  2 raiju (Lair:5)
  4 blink frogs (Lair:5)
  2 wyverns
  27 yaks
  5 basilisks
  3 steam dragons
  Menkaure (D:4)
  4 redbacks (Lair:3)
  4 wargs (Lair:5)
  2 acid dragons (Lair:5)
  17 water moccasins
  Duvessa (D:7)
  15 hell hounds (Lair:5)
  An orc warrior (D:7)
  14 black bears
  2 ice beasts (D:8)
  A sky beast (D:7)
  2 ogres
  20 wolves
  4 centaurs (Volcano)
  2 phantoms
  A kobold brigand (D:6)
  9 bullfrogs
  6 scorpions
  2 necrophages
  Dowan (D:7)
  27 killer bees
  A hound (D:5)
  6 iguanas
  A jelly (D:8)
  A gnoll bouda (D:4)
  3 orc wizards
  3 yak simulacra (Lair:4)
  A polar bear simulacrum (Lair:4)
  3 wolf simulacra (Lair:4)
  3 adders
  14 gnolls
  A white imp (D:5)
  An ufetubus (D:5)
  3 worms
  A dart slug (D:2)
  14 orcs
  6 endoplasms
  5 giant cockroaches
  11 goblins
  4 hobgoblins
  A jackal (D:2)
  A quokka (D:3)
  9 ball pythons
  5 bats
  3 frilled lizards
  11 kobolds
  A rat (D:1)
  4 river rat simulacra (Lair:4)
  2 butterflies (Lair:5)
369 creatures vanquished.

Vanquished Creatures (collateral kills)
  8 foxfires
8 creatures vanquished.

Vanquished Creatures (others)
  A gnoll (D:2)
  A hobgoblin (D:1)
  A jackal (D:1)
  A frilled lizard (D:1)
  4 bushes (Lair:5)
  611 foxfires
  17 fungi
  43 plants
679 creatures vanquished.

Grand Total: 1056 creatures vanquished

Notes
Turn   | Place    | Note
-------+----------+-------------------------------------------
     0 | D:1      | Shayle the Djinni Reaver began the quest for the Orb.
     0 | D:1      | Shayle set off with the following spells memorised: Kiss of
                  | Death, Momentum Strike, Hailstorm.
     0 | D:1      | Reached XP level 1. HP: 18/18 MP: 0/0
   115 | D:1      | Reached XP level 2. HP: 12/23 MP: 0/0
   390 | D:1      | Found Ubixemomud's Weapon Shop.
   707 | D:2      | Reached XP level 3. HP: 8/29 MP: 0/0
   707 | D:2      | Learned a level 1 spell: Foxfire
  1022 | D:2      | Reached XP level 4. HP: 33/34 MP: 0/0
  2032 | D:3      | Reached XP level 5. HP: 38/40 MP: 0/0
  2032 | D:3      | Learned a level 2 spell: Wereblood
  2347 | D:4      | Noticed Menkaure
  2355 | D:4      | Killed Menkaure
  2356 | D:4      | Reached XP level 6. HP: 43/46 MP: 0/0
  2366 | D:4      | Noticed a black bear
  2374 | D:4      | Killed a black bear
  2390 | D:4      | Reached XP level 7. HP: 20/51 MP: 0/0
  2390 | D:4      | Learned a level 3 spell: Dazzling Flash
  3053 | D:5      | Entered Level 5 of the Dungeon
  3092 | D:5      | Found Fecie's General Store.
  3137 | D:5      | Identified the +5 ring mail of Bespelled Life {Int+2}
  3217 | D:5      | Reached skill level 5 in Unarmed Combat
  3392 | D:5      | Noticed a water moccasin
  3397 | D:5      | Killed a water moccasin
  3398 | D:5      | Reached skill level 5 in Dodging
  3398 | D:5      | Reached XP level 8. HP: 55/58 MP: 0/0
  3999 | D:6      | Noticed Prince Ribbit
  4011 | D:5      | Reached skill level 5 in Fighting
  4232 | D:6      | Killed Prince Ribbit
  4233 | D:6      | Reached XP level 9. HP: 31/65 MP: 0/0
  4233 | D:6      | Learned a level 3 spell: Teleport Other
  4547 | D:6      | Found a runed translucent door.
  4548 | D:6      | Noticed Crazy Yiuf
  5068 | D:7      | Noticed Dowan
  5068 | D:7      | Noticed Duvessa
  5293 | D:7      | Reached skill level 5 in Spellcasting
  5539 | D:7      | Killed Duvessa
  5542 | D:7      | Killed Dowan
  5820 | D:7      | Found a staircase to the Ecumenical Temple.
  5839 | Temple   | Entered the Ecumenical Temple
  5839 | Temple   | Found a transporter.
  5839 | Temple   | Found a transporter.
  5881 | Temple   | Found a transporter.
  5881 | Temple   | Found a transporter.
  5901 | Temple   | Became a worshipper of Makhleb the Destroyer
  5954 | D:7      | Noticed Joseph
  6096 | D:8      | Reached skill level 1 in Invocations
  6208 | D:8      | Reached XP level 10. HP: 70/73 MP: 0/0
  6511 | D:8      | Found Qulim's Assorted Antiques.
  6517 | D:8      | Bought a fuming golden potion for 29 gold pieces
  6517 | D:8      | Bought a potion of curing for 99 gold pieces
  6591 | D:8      | Found a staircase to the Lair.
  6602 | Lair:1   | Entered Level 1 of the Lair of Beasts
  6624 | Lair:1   | Noticed Sonja
  6716 | Lair:1   | Reached skill level 1 in Shields
  6858 | Lair:1   | Noticed a cane toad
  6866 | Lair:1   | Killed a cane toad
  6881 | Lair:1   | Reached skill level 5 in Invocations
  7057 | Lair:1   | Noticed a komodo dragon
  7081 | Lair:1   | Killed a komodo dragon
  7207 | Lair:1   | Noticed hikkokomori's ghost (journeyman DgCj)
  7207 | Lair:1   | Noticed a minotaur
  7224 | Lair:1   | Found a runed translucent gate.
  7224 | Lair:1   | Found a runed translucent gate.
  7238 | Lair:1   | Noticed a komodo dragon
  7239 | Lair:1   | Reached * piety under Makhleb
  7240 | Lair:1   | Noticed a boulder beetle
  7243 | Lair:1   | Reached XP level 11. HP: 64/80 MP: 0/0
  7243 | Lair:1   | Learned a level 5 spell: Borgnjor's Vile Clutch
  7247 | Lair:1   | Noticed a catoblepas
  7257 | Lair:1   | Killed a boulder beetle
  7258 | Lair:1   | Killed Sonja
  7312 | Lair:1   | Killed a catoblepas
  7629 | Lair:1   | Found a runed translucent gate.
  7871 | Lair:1   | HP: 2/81 [cane toad (11)]
  8166 | Lair:2   | Reached ** piety under Makhleb
  8302 | Lair:2   | Noticed a seven-headed hydra
  8347 | Lair:2   | Killed a seven-headed hydra
  8348 | Lair:2   | Reached skill level 1 in Armour
  8585 | Lair:2   | Reached XP level 12. HP: 21/88 MP: 0/0
  8984 | Lair:2   | Reached skill level 5 in Shields
  9294 | Lair:3   | Found a runed translucent door.
  9333 | Lair:3   | Noticed a five-headed hydra
  9340 | Lair:3   | Found a shimmering altar of Xom.
  9340 | Lair:3   | Noticed snackwell's ghost (journeyman DEEn)
  9341 | Lair:3   | Noticed a +0 demon trident of chaos
  9350 | Lair:3   | Killed a five-headed hydra
  9567 | Lair:3   | Found a hole to the Spider Nest.
  9567 | Lair:3   | Noticed a six-headed hydra
  9868 | Lair:3   | Noticed a boulder beetle
  9894 | Lair:3   | Killed a boulder beetle
 10068 | Lair:3   | Identified the amulet of Midsummer {RegenMP rF+}
 10101 | Lair:3   | Killed a six-headed hydra
 10102 | Lair:3   | Reached skill level 5 in Armour
 11404 | Lair:4   | Reached XP level 13. HP: 27/94 MP: 0/0
 11404 | Lair:4   | Learned a level 5 spell: Irradiate
 12139 | Lair:4   | Reached *** piety under Makhleb
 12817 | Lair:5   | Entered Level 5 of the Lair of Beasts
 12951 | Lair:5   | Noticed a seven-headed hydra
 12960 | Lair:5   | Killed a seven-headed hydra
 13073 | Lair:5   | Reached skill level 10 in Fighting
 13100 | Lair:5   | Found a dark tunnel.
 13106 | Volcano  | Entered a volcano
 13196 | Volcano  | Noticed a centaur warrior
 13211 | Volcano  | Killed a centaur warrior
 13419 | Volcano  | Noticed a red draconian
 13435 | Volcano  | Killed a red draconian
 14263 | Lair:5   | Found a staircase to the Slime Pits.
 14444 | Lair:5   | Reached **** piety under Makhleb
 14724 | Lair:5   | Reached XP level 14. HP: 81/103 MP: 0/0
 15517 | Lair:5   | Identified the +1 battleaxe of Woe {freeze, rPois rF+}
 15706 | Lair:5   | Reached skill level 10 in Invocations
 16189 | Lair:5   | Reached skill level 10 in Armour
 16417 | Lair:5   | Reached ***** piety under Makhleb
 16874 | D:9      | Noticed Erolcha
 16874 | Abyss:2  | Cast into level 2 of the Abyss (Erolcha)
 17078 | Abyss:2  | Slain by a freezing wraith

Illustrated notes

Levels and vault maps discovered:
D:1:      eino_arrival_cavern_b, layout_rooms, serial_shops,
          nicolae_shop_advertising_works [nicolae_subvault_shop_adworks]
D:2:      layout_basic, st_stairs_14, minmay_hexomino_p4
D:3:      layout_rooms
D:4:      layout_cave_pools, uniq_menkaure
D:5:      layout_layer_cave, serial_shops, shop, minmay_misc_feat_x
D:6:      layout_basic, chequers_serial_rivers_large_b, uniq_crazy_yiuf_cottage,
          uniq_prince_ribbit1
D:7:      layout_loops_ring, minmay_overflow_temple_star_quad, temple_hall,
          uniq_maggie, uniq_joseph, uniq_duvessa
D:8:      layout_basic, lair_entry_dummy, serial_shops, shop
D:9:      layout_roguey, ebering_ghost_inner_flame,
          hellmonk_guarded_unrand_zhor, uniq_erolcha
Temple:   hellmonk_temple_divided_pantheon
Lair:1:   layout_roguey [special_room_bee], maelrawn_ghost_gauntlet_escape,
          grunt_megastairs_5, uniq_sonja
Lair:2:   layout_cave_shapes, grunt_megastairs_1
Lair:3:   layout_roguey, nicolae_swamp_entry_splash_gauntlet,
          spider_nest_entry_webs, ebering_ghost_xom
Lair:4:   layout_regular_city, eino_house_with_fridge, lemuel_fruit_fields
Lair:5:   guppyfry_lair_end_dragon, layout_regular_city,
          hangedman_lair_caniforms_friends, dpeg_slime_entry_enclosed,
          enter_volcano_2, minivault_23, infiniplex_staircase_pool_2,
          lemuel_fruit_fields
Abyss:2:  base:
D:10

Skill      XL: |  1  2  3  4  5  6  7  8  9 10 11 12 13 14 |
---------------+-------------------------------------------+-----
Dodging        | 3 4 5 6 7 |  7.1
Fighting       | 3 4 5 6 7 8 9 10 | 10.9
Unarmed Combat | 4 5 6 |  6.9
Spellcasting   | 3 4 5 6 8 9 |  9.6
Invocations    | 2 5 7 8 9 10 | 10.2
Shields        | 2 4 6 7 8 |  8.5
Armour         | 2 6 8 10 | 10.1

Action                   |  1- 3 |  4- 6 |  7- 9 | 10-12 | 13-15 || total
-------------------------+-------+-------+-------+-------+-------++-------
Melee: Unarmed           |    55 |       |       |       |       ||    55
       Halberd           |    25 |    71 |   161 |    16 |       ||   273
       Punch             |     2 |       |       |     1 |     7 ||    10
       Short sword       |       |       |       |   184 |    72 ||   256
Throw: Throwing net      |       |       |       |     1 |       ||     1
 Cast: Momentum Strike   |     5 |       |       |     1 |       ||     6
       Foxfire           |    10 |    51 |   129 |   113 |    50 ||   353
       Wereblood         |       |       |     1 |     1 |       ||     2
       Hailstorm         |       |       |    11 |    26 |     8 ||    45
       Dazzling Flash    |       |       |     4 |     7 |       ||    11
       Teleport Other    |       |       |     1 |     4 |       ||     5
       Borgnjor's Vile C |       |       |       |    66 |   190 ||   256
       Irradiate         |       |       |       |       |     3 ||     3
Evoke: Wand              |       |       |       |    12 |       ||    12
  Use: Scroll            |     2 |       |    11 |     8 |    12 ||    33
       Potion            |     1 |     2 |     3 |     9 |     3 ||    18
 Stab: Invisible         |       |       |     2 |     1 |       ||     3
Armor: Leather armour    |    20 |    29 |     7 |    27 |    73 ||   156
       Ring mail         |       |       |   108 |   126 |       ||   234
Dodge: Dodged            |    41 |    87 |   164 |   183 |   166 ||   641
Block: Kite shield       |       |       |       |    96 |       ||    96

Table legend: (Time is in decaauts)
 A = Elapsed time spent in this place.
 B = Non-inter-level travel time spent in this place.
 C = Inter-level travel time spent in this place.
 D = Time resting spent in this place.
 E = Time spent auto-exploring this place.
 F = Levels seen in this place.
 G = Mean time per level.
                   A        B        C        D        E       F      G
               +--------+--------+--------+--------+--------+-----+--------+
         Total |  17255 |  16565 |    690 |   4076 |   8433 |  17 | 1015.0 |
       Dungeon |   6746 |   6417 |    329 |    364 |   4347 |   9 |  749.6 |
        Temple |     80 |     62 |     18 |      0 |     43 |   1 |   80.0 |
          Lair |   9576 |   9233 |    343 |   3212 |   3920 |   5 | 1915.2 |
         Abyss |    203 |    203 |      0 |    134 |      0 |   1 |  203.0 |
       Volcano |    648 |    648 |      0 |    366 |    123 |   1 |  648.0 |
               +--------+--------+--------+--------+--------+-----+--------+

Top non-repeatable levels by time:
  Lair:5: 3081 daAuts
  Lair:4: 1872 daAuts
  Lair:1: 1828 daAuts
  Lair:3: 1598 daAuts
     D:6: 1243 daAuts
  Lair:2: 1195 daAuts
     D:2: 1126 daAuts
     D:5: 994 daAuts
     D:8: 674 daAuts
     D:4: 674 daAuts
     D:1: 669 daAuts
     D:7: 660 daAuts
 Volcano: 648 daAuts
     D:3: 637 daAuts
 Abyss:2: 203 daAuts
